 Dungeon Crawl Stone Soup version 0.16-a0-3041-gb38e1a0 (webtiles) character file.

4986 kroki the Cleaver (level 10, -2/84 HPs)
             Began as a Ghoul Gladiator on Dec 8, 2014.
             Was a Priest of Okawaru.
             Slain by a komodo dragon (14 damage)
             ... on level 8 of the Dungeon.
             The game lasted 00:16:39 (7421 turns).

kroki the Cleaver (Ghoul Gladiator)                 Turns: 7421, Time: 00:16:40

Health: -2/84      AC: 20    Str: 20    XL:     10   Next: 54%
Magic:  6/7        EV:  9    Int:  3    God:    Okawaru [***...]
Gold:   304        SH:  0    Dex: 12    Spells: 0 memorised, 9 levels left

rFire  . . .     SeeInvis .     o - +2 whip (elec)
rCold  + . .     Clarity  +     f - +0 plate armour
rNeg   + + +     SustAb   .     (no shield)
rPois  ∞         Gourm    .     c - +1 helmet
rElec  .         Spirit   .     (no cloak)
rCorr  .         Warding  .     i - +1 pair of gloves
rMut   .         Stasis   .     (no boots)
MR     .....                    F - amulet of clarity
Stlth  ..........               (no ring)
                                m - ring of teleport control

@: heroism, rotting, not resistant to hostile enchantments, extremely unstealthy
A: rotting body, claws 1, carnivore 3, cold resistance 1, negative energy
resistance 3, poison resistance, slow healing 1, torment resistance, unbreathing
a: Heroism, Renounce Religion, Evoke Teleport Control


You were on level 8 of the Dungeon.
You worshipped Okawaru.
Okawaru was most pleased with you.
You were not hungry.

You visited 1 branch of the dungeon, and saw 8 of its levels.

You collected 417 gold pieces.
You spent 113 gold pieces at shops.

Inventory:

Hand weapons
 a - a +0 war axe
 o - a +2 whip of electrocution (weapon)
   (You took it off Pikel on level 6 of the Dungeon)
Missiles
 s - 26 poisoned needles
Armour
 c - a +1 helmet (worn)
 f - a +0 plate armour (worn)
   (You took it off an orc warrior on level 5 of the Dungeon)
 i - a +1 pair of gloves (worn)
   (You found it on level 1 of the Dungeon)
Magical staves
 r - an uncursed staff of earth {unknown}
   (You found it on level 5 of the Dungeon)
Jewellery
 m - a ring of teleport control (left hand)
   (You found it on level 6 of the Dungeon)
 F - an amulet of clarity (around neck)
   (You found it on level 8 of the Dungeon)
Magical devices
 d - a wand of digging (1)
   (You took it off Sigmund on level 2 of the Dungeon)
 j - a wand of random effects (43)
   (You found it on level 2 of the Dungeon)
 t - a wand of paralysis (7)
   (You found it on level 6 of the Dungeon)
 w - a wand of fire (0)
   (You found it on level 8 of the Dungeon)
 y - a wand of magic darts (25)
   (You bought it in a shop on level 6 of the Dungeon)
 E - a wand of slowing (20)
   (You found it on level 8 of the Dungeon)
Scrolls
 e - a scroll of amnesia
 k - 3 scrolls of remove curse
 n - 4 scrolls of identify
 A - 2 scrolls of immolation
 C - a scroll of fog
Potions
 p - a potion of cancellation
 u - 3 potions of flight {unknown}
 v - 2 potions of agility {unknown}
 x - 2 potions of haste
Comestibles
 b - a meat ration
 g - 2 slices of pizza
 h - a beef jerky
 l - 3 chunks of flesh
 q - a royal jelly


   Skills:
 + Level 6.9(11.9) Fighting
 + Level 11.0(16.0) Axes
 - Level 1.7(6.7) Throwing
 * Level 6.9(11.9) Armour
 - Level 2.6(7.6) Dodging


You had 9 spell levels left.
You didn't know any spells.


Innate Abilities, Weirdness & Mutations

Your body is rotting away.
You thrive on raw meat.
You have sharp fingernails.
You are carnivorous and can eat meat at any time.
Your flesh is cold resistant.
You are immune to negative energy.
Your system is resistant to poisons.
You heal slowly when monsters are visible.
You are immune to unholy pain and torment.
You can survive without breathing.

Dungeon Overview and Level Annotations

Branches:
Dungeon (8/15)             Temple (0/1) D:7            Lair (0/8) D:8

Altars:
Dithmenos
Fedhas
Gozag
Kikubaaqudgha
Makhleb
Okawaru
Ru
Trog
Xom
Yredelemnul
The Shining One

Shops:
D:5 *   D:6 } D:8

% #........ #.....###
####### ### ###
#######.### ##
#%..#...##..#.## ###.#
#....#.....#...####....#
#......#....[.#.# #.
#.l@..........#####.
#.....#...#..........#
#>..#####..#.#.#........
#.# #...####.#.##†.. #
#.### ###..#.## ###
###.## ###


You could see a komodo dragon.


Message History

You closely miss the komodo dragon.
The komodo dragon is moderately wounded.
You hit the komodo dragon but do no damage.
There is a sudden explosion of sparks!
The komodo dragon is severely wounded.
The komodo dragon bites you!!
* * * LOW HITPOINT WARNING * * *
You take 24 damage.
You whack the komodo dragon!
The komodo dragon is almost dead.
The komodo dragon bites you but does no damage.
Your plate armour prevents you from hitting the komodo dragon.
The komodo dragon is almost dead.
Your plate armour prevents you from hitting the komodo dragon.
The komodo dragon is almost dead.
The komodo dragon barely misses you.
You closely miss the komodo dragon.
The komodo dragon is almost dead.
Drink which item? (? for menu, Esc to quit)
You feel better. The komodo dragon closely misses you.
You hit the komodo dragon but do no damage.
The komodo dragon is almost dead.
The komodo dragon bites you!!
* * * LOW HITPOINT WARNING * * *
You take 23 damage.
Read which item? (? for menu, Esc to quit)
Okay, then.
Drink which item? (? for menu, Esc to quit)
You feel better. The komodo dragon bites you!
You die...

Notes
Turn   | Place    | Note
--------------------------------------------------------------
     0 | D:1      | kroki, the Ghoul Gladiator, began the quest for the Orb.
     0 | D:1      | Reached XP level 1. HP: 17/17 MP: 1/1
    93 | D:1      | Reached skill level 3 in Axes
   136 | D:1      | Reached XP level 2. HP: 18/24 MP: 2/2
   559 | D:1      | Reached XP level 3. HP: 29/29 MP: 3/3
   947 | D:2      | Noticed Robin
   969 | D:2      | Reached skill level 4 in Axes
   994 | D:2      | Killed Robin
   994 | D:2      | Reached XP level 4. HP: 28/36 MP: 3/3
  1107 | D:2      | Noticed Sigmund
  1132 | D:2      | Killed Sigmund
  1132 | D:2      | Reached skill level 5 in Axes
  1132 | D:2      | Reached XP level 5. HP: 10/41 MP: 4/4
  1224 | D:2      | Noticed Ijyb
  1234 | D:2      | Killed Ijyb
  1823 | D:3      | Reached XP level 6. HP: 39/47 MP: 5/5
  1827 | D:3      | Found a blossoming altar of Fedhas.
  1928 | D:3      | Reached skill level 6 in Axes
  2262 | D:3      | Noticed kroki's ghost (average VSTm)
  2298 | D:3      | Killed kroki's ghost
  2485 | D:3      | Found an ancient bone altar of Kikubaaqudgha.
  2534 | D:3      | Reached skill level 7 in Axes
  2534 | D:3      | Reached XP level 7. HP: 32/54 MP: 5/5
  2722 | D:4      | Found a shimmering altar of Xom.
  2884 | D:4      | Found a bloodstained altar of Trog.
  3105 | D:4      | Found an iron altar of Okawaru.
  3108 | D:4      | Found a basalt altar of Yredelemnul.
  3116 | D:4      | Became a worshipper of Warmaster Okawaru
  3138 | D:4      | Found a burning altar of Makhleb.
  3141 | D:4      | Found a glowing golden altar of the Shining One.
  3259 | D:4      | Noticed Eustachio
  3297 | D:4      | Killed Eustachio
  3297 | D:4      | Reached skill level 8 in Axes
  3482 | D:5      | Entered Level 5 of the Dungeon
  3509 | D:5      | Acquired Okawaru's first power
  3509 | D:5      | Reached XP level 8. HP: 33/61 MP: 6/6
  3692 | D:5      | Noticed Edmund
  3712 | D:5      | Killed Edmund
  3712 | D:5      | Reached skill level 9 in Axes
  3993 | D:5      | Reached skill level 1 in Armour
  4020 | D:5      | Found an opulent altar of Gozag.
  4023 | D:5      | Found Gozag's Platinum Reserve.
  4388 | D:6      | Noticed Pikel
  4573 | D:5      | HP: 3/61 [ice beast (6)]
  4958 | D:6      | Killed Pikel
  4958 | D:6      | Reached skill level 10 in Axes
  4958 | D:6      | Reached XP level 9. HP: 39/69 MP: 5/7
  5112 | D:6      | Reached skill level 3 in Armour
  5192 | D:6      | Found a sacrificial altar of Ru.
  5418 | D:6      | Found Kykkuyna's Gadget Boutique.
  5428 | D:6      | Bought a wand of magic darts (25) for 113 gold pieces
  5591 | D:7      | Reached skill level 5 in Fighting
  5680 | D:7      | Found a shadowy altar of Dithmenos.
  5975 | D:7      | Reached skill level 5 in Armour
  6039 | D:7      | Reached XP level 10. HP: 69/82 MP: 7/7
  6089 | D:7      | Found a staircase to the Ecumenical Temple.
  6314 | D:7      | Reached skill level 6 in Fighting
  6697 | D:8      | Reached skill level 6 in Armour
  6718 | D:8      | Found Thodaofi's Food Shoppe.
  7353 | D:8      | Reached skill level 11 in Axes
  7401 | D:8      | Found a staircase to the Lair.
  7420 | D:8      | HP: 1/84 [komodo dragon (23)]
  7421 | D:8      | Slain by a komodo dragon

Vanquished Creatures
  Pikel (D:6)
  3 komodo dragons (D:8)
  A hippogriff (D:7)
  Eustachio (D:4)
  Edmund (D:5)
  4 slaves (D:5)
  The ghost of kroki the Ruffian, an average VSTm of Makhleb (D:3)
  2 ice beasts
  An orc warrior (D:5)
  A swamp drake (D:8)
  7 ogres
  2 sky beasts
  A crocodile (D:8)
  4 centaurs
  Sigmund (D:2)
  3 giant frogs
  2 scorpions
  8 wights (D:7)
  4 killer bees (D:7)
  A hound (D:6)
  2 crimson imps
  2 giant frog zombies (D:8)
  4 orc priests
  A quasit (D:4)
  3 orc wizards
  7 iguanas
  6 worker ants
  Ijyb (D:2)
  A hound zombie (D:5)
  Robin (D:2)
  10 adders
  2 giant mites
  2 shadow imps
  3 worms (D:3)
  A giant gecko (D:1)
  3 oozes
  22 orcs
  A ball python (D:1)
  A bat skeleton (D:7)
  2 bat zombies
  6 giant cockroaches
  20 goblins
  13 hobgoblins
  4 jackals
  3 quokkas
  15 bats
  A giant newt (D:2)
  15 kobolds
  3 rats
204 creatures vanquished.

Vanquished Creatures (others)
  A worker ant (D:6)
  A worker ant zombie (D:6)
2 creatures vanquished.

Grand Total: 206 creatures vanquished

Action                   |  1- 3 |  4- 6 |  7- 9 | 10-12 || total
-------------------------+-------+-------+-------+-------++-------
Melee: War axe           |   127 |   205 |   266 |       ||   598
       Whip              |       |       |   141 |   194 ||   335
Throw: Throwing net      |       |     5 |     5 |       ||    10
Invok: Heroism           |       |       |     8 |     5 ||    13
Evoke: Wand              |       |     1 |       |     5 ||     6
  Use: Scroll            |     4 |     1 |     9 |     4 ||    18
       Potion            |     1 |     2 |     7 |     2 ||    12
 Stab: Invisible         |       |       |     9 |       ||     9
       Held in net/web   |       |       |     2 |       ||     2
       Confused          |       |       |       |     2 ||     2
       Paralysed         |       |       |       |     1 ||     1
  Eat: Chunk             |     4 |    18 |    32 |    16 ||    70

Vault maps used:
D:1:      nagdon_arrival_double_spiral, minmay_misc_feat_room
D:2:      uniq_sigmund, uniq_robin, uniq_iyjb
D:3:      nicolae_overflow_crystal_walls, old_standard_altar
D:4:      lemuel_crystal_altar, grunt_temple_overflow_cloverleaf, bloody_trog,
          bh_walls_and_bars, uniq_eustachio
D:5:      nicolae_gozag_zags_fifth_avenue, first_bread, uniq_edmund
D:6:      nicolae_ru_sacrificial_ziggurat, serial_shops, shop,
          lemuel_flamethrower_2, uniq_pikel
D:7:      lemuel_crystal_altar, minmay_temple_entry_fiery
D:8:      erik_lair_dragon, serial_shops,
          nicolae_shop_temple_entry_statues_fountains, kennysheep_boxes
